[Event "Early-Titled-Tuesday-Blitz-September-05-2023"]
[Site "Chess.com"]
[Date "2023.09.05"]
[Round "10"]
[White "Roedor"]
[Black "alpltl"]
[Result "0-1"]
[WhiteElo "2436"]
[BlackElo "2366"]
[TimeControl "180+1"]
[EndTime "9:54:08 PDT"]
[Termination "alpltl won on time"]

1. d4 g6 2. Nf3 Bg7 3. g3 f5 4.
Bg2 Nf6 5. O-O O-O 6. b3 d6 7. Bb2 Nc6 8. Nbd2 e5 9. dxe5 Ng4 10. Nc4 Be6 11. exd6 Bxc4 12. Bxg7 Bxe2 13. Qxe2 Kxg7 14. dxc7 Qxc7 15. h3 Nf6 16. Ng5 Nd4 17. Ne6+ Nxe6 18. Qxe6 f4 19. g4 h6 20. Rfe1 Rf7 21. Qc4 Qxc4 22.
bxc4 Rc8 23. Bf1 b6 24. a4 Rc5 25. a5 bxa5 26. Re6 Nd7 27. Ra6 Ne5 28. R1xa5 Rfc7 29.
Rxc5 Rxc5 30. Rxa7+ Kf6 31. Bd3 h5 32. gxh5 gxh5 33.
h4 Nf3+ 34. Kf1 Nxh4 35. Ra6+ Kg5 36. Rd6 Kg4 37. Rd5 Rc7 38. c5 f3 39. Bb5 Ng2 40.
Bd7+ Kh4 41. c6 Nf4 42. Rd4 Kg5 43. c4 h4 0-1

[Event "Early-Titled-Tuesday-Blitz-September-05-2023"]
[Site "Chess.com"]
[Date "2023.09.05"]
[Round "10"]
[White "MatthewG-p4p"]
[Black "Korchmar_Vasiliy"]
[Result "1-0"]
[WhiteElo "2880"]
[BlackElo "2709"]
[TimeControl "180+1"]
[EndTime "9:54:09 PDT"]
[Termination "MatthewG-p4p won on time"]

1. f4 d5 2. Nf3 Bf5 3. g3 e6 4. Bg2 Nf6 5. O-O Bc5+ 6. e3 Nc6 7. d3 h5 8. Nh4 Qe7 9. Kh1 O-O-O 10. Nc3 Kb8 11. Qe1 Bh7 12. a3 Ng4 13. b4 Bb6 14.
Na4 f6 15. b5 Na5 16. Bd2 g5 17. fxg5 fxg5 18. Nf3 h4 19. Bxa5 Bxa5 20. Qxa5 Nxe3 21. Qd2 Nxf1 22. Rxf1 hxg3 23. Qxg5 Qxa3 24. Qf4 Rdf8 25.
Qd4 Bg6 26. Ra1 Qd6 27. Nc5 b6 28. Na6+ Kb7 29. Nb4 Rf4 30. Qxh8 Qxb4 31. hxg3 Rf5 32. Qg7 Bh5 33. Nd4 Rf2 34. Rxa7+ 1-0

[Event "Early-Titled-Tuesday-Blitz-September-05-2023"]
[Site "Chess.com"]
[Date "2023.09.05"]
[Round "10"]
[White "Darius321"]
[Black "HajiyevKanan"]
[Result "0-1"]
[WhiteElo "2337"]
[BlackElo "2476"]
[TimeControl "180+1"]
[EndTime "9:54:10 PDT"]
[Termination "HajiyevKanan won by resignation"]

1. e4 c6 2. d4 d5 3. exd5 cxd5 4.
c4 Nf6 5. Nc3 e6 6. cxd5 Nxd5 7.
Nf3 Bb4 8. Bd2 O-O 9. Bd3 Nc6 10. O-O Be7 11. Re1 Nf6 12. Bf4 b6 13. Rc1 Bb7 14. Bb1 Re8 15. a3 Rc8 16. Qd3 g6 17. Rcd1 Nd5 18.
Ba2 Nxf4 19. Qe4 Nd5 20. Nxd5 exd5 21. Bxd5 Bf6 22. Ne5 Nxe5 23. Bxb7 Nd7 24. Qf3 Rxe1+ 25. Rxe1 Rc2 26. Bc6 Kg7 27. Qe4 Rxb2 28. g3 Rd2 29. d5 Ne5 30. f4 Nxc6 31. dxc6 Qd4+ 32. Qxd4 Bxd4+ 33. Kf1 Rf2+ 34. Kg1 Rc2+ 35. Kf1 Rxc6 36. Rd1 Bc5 37. a4 Rd6 38. Rb1 Rd2 39. a5 Rxh2 40. Rc1 Rh1+ 0-1

[Event "Early-Titled-Tuesday-Blitz-September-05-2023"]
[Site "Chess.com"]
[Date "2023.09.05"]
[Round "10"]
[White "mishanick"]
[Black "Zkid"]
[Result "1-0"]
[WhiteElo "3062"]
[BlackElo "2881"]
[TimeControl "180+1"]
[EndTime "9:54:11 PDT"]
[Termination "mishanick won by resignation"]

1. d4 d5 2. c4 dxc4 3. e4 Nf6 4. e5 Nd5 5. Bxc4 Nc6 6. Ne2 Bf5 7. O-O e6 8. Nbc3 Nb6 9. Bb5 a6 10. Bxc6+ bxc6 11. Ng3 Bg6 12. Be3 c5 13. dxc5 Qxd1 14. Rfxd1 Nc4 15.
c6 Nxe5 16. Rac1 Nd3 17. Rc2 O-O-O 18. Nge4 Be7 19. Rcd2 Ne5 20. Bc5 Nxc6 21. Bxe7 Nxe7 22. Nc5 Rxd2 23. Rxd2 a5 24. Rd7 Nd5 25. Nxd5 exd5 26. Rxd5 Re8 27. Kf1 c6 28. Rd2 Re5 29. Na4 Kc7 30.
Nc3 f6 31. f3 Bf7 32. Kf2 g5 33. Rd4 c5 34. Ra4 Kb6 35. a3 f5 36. f4 gxf4 37.
Rxf4 c4 38. Rh4 h5 39. Rd4 Kc5 40. Rd7 Bd5 41. Rh7 f4 42. Rh8 Bc6 43. Rf8 f3 44.
gxf3 h4 45. Rf4 Re7 46. Rxh4 Rb7 47. Rh5+ Kd4 48. Ne2+ Kd3 49. Rh6 Bd5 50. Rd6 Rb5 51. Rxd5+ Rxd5 52. Nf4+ Kc2 53. Nxd5 Kxb2 54. h4 c3 55.
Nxc3 Kxc3 56. h5 1-0

[Event "Early-Titled-Tuesday-Blitz-September-05-2023"]
[Site "Chess.com"]
[Date "2023.09.05"]
[Round "10"]
[White "ChessQueen"]
[Black "MusicCityMaster"]
[Result "0-1"]
[WhiteElo "2751"]
[BlackElo "2418"]
[TimeControl "180+1"]
[EndTime "9:54:11 PDT"]
[Termination "MusicCityMaster won by resignation"]

1. e4 c5 2. c3 Qa5 3. Nf3 g6 4. Na3 Bg7 5. Nc4 Qc7 6. d4 Nf6 7. e5 Nd5 8. dxc5 Qxc5 9. b4 Qc6 10. Nd4 Nxc3 11. Nxc6 Nxd1 12. Nxe7 Kxe7 13. Kxd1 Nc6 14. Bg5+ Ke6 15. f4 h6 16. Bh4 g5 17. Bg3 gxf4 18. Bxf4 Nxe5 19. Nxe5 Bxe5 20. Bxe5 Kxe5 21. Rc1 d5 22. Rc7 Rf8 23. Be2 Kd6 24. Rc3 Bf5 25.
Rf1 Be4 26. Rf6+ Ke5 27. Rxh6 Rac8 28. Rhh3 f5 29. Rxc8 Rxc8 30. Rh7 d4 31. g4 d3 32. Bxd3 Bxd3 33. Rxb7 fxg4 34. Rxa7 Rh8 35. Rg7 Be4 36.
Ke1 Bf3 37. a4 Rxh2 38. a5 Ra2 39. Rg6 Kf4 40. a6 Ke3 41. Re6+ Be4 42. Rxe4+ Kxe4 43. b5 g3 44. Kf1 Kf3 0-1

[Event "Early-Titled-Tuesday-Blitz-September-05-2023"]
[Site "Chess.com"]
[Date "2023.09.05"]
[Round "10"]
[White "whiteglovethief"]
[Black "FeketeBarika"]
[Result "0-1"]
[WhiteElo "2502"]
[BlackElo "2400"]
[TimeControl "180+1"]
[EndTime "9:54:11 PDT"]
[Termination "FeketeBarika won by checkmate"]

1. d4 e6 2. c4 Nf6 3. Nf3 d5 4. g3 dxc4 5. Bg2 Bd7 6. O-O Bc6 7. a4 a6 8. Nc3 Nbd7 9. Qc2 b5 10. e4 b4 11. d5 bxc3 12. dxc6 Nb6 13. bxc3 Bc5 14. a5 Nc8 15. Rd1 Qe7 16. Ne5 Nd6 17. Nd7 Nb5 18.
e5 Ng4 19. Nxc5 Qxc5 20. Bf4 O-O 21. Rac1 Nxe5 22. Qe4 Nd3 23. Be3 Qh5 24. Bf3 Qg6 25. Rc2 Rfd8 26. Qxc4 Ne5 27. Rxd8+ Rxd8 28. Qe2 Nxf3+ 29.
Kg2 Qxc2 30. Qxf3 Qxc3 31. Qf4 Qxc6+ 32. Kh3 Rd5 33. Qh4 g6 34. Qe7 Rh5+ 35. Kg4 Qe4+ 36. Bf4 Qe2+ 37. f3 f5# 0-1

[Event "Early-Titled-Tuesday-Blitz-September-05-2023"]
[Site "Chess.com"]
[Date "2023.09.05"]
[Round "10"]
[White "emeli_chess"]
[Black "cthulhuuu"]
[Result "0-1"]
[WhiteElo "2370"]
[BlackElo "2459"]
[TimeControl "180+1"]
[EndTime "9:54:11 PDT"]
[Termination "cthulhuuu won by resignation"]

1. d4 Nf6 2. c4 e5 3. dxe5 Ng4 4. Bf4 Nc6 5. Nf3 Bb4+ 6. Nbd2 Qe7 7. e3 Ncxe5 8. Nxe5 Nxe5 9. Be2 d6 10. O-O a5 11.
Nb1 O-O 12. a3 Bc5 13. Nc3 Be6 14. Nd5 Bxd5 15. cxd5 g5 16. Bg3 f5 17. h3 f4 18.
exf4 gxf4 19. Bh2 Qh4 20. Bf3 Kh8 21. b4 axb4 22. axb4 Rxa1 23. Qxa1 Bxb4 24. Be4 Bc5 25. Kh1 Bxf2 26. Qb2 Bg3 27. Qxb7 Bxh2 28. Kxh2 Qg3+ 29. Kh1 f3 30. Bxf3 Nxf3 31. Rxf3 Rxf3 32. gxf3 Qxh3+ 33. Kg1 Qg3+ 34. Kh1 Qxf3+ 35. Kh2 Qf7 36. Kh3 Kg7 37. Kh4 Kg6 38. Qb1+ Qf5 39. Qb7 h5 40. Kg3 Qf7 41.
Qb1+ Kf6 42. Qb2+ Ke7 43. Qd4 Qg6+ 44. Kh4 Qg4+ 45. Qxg4 hxg4 46. Kxg4 Kd7 47. Kf5 Kc8 48. Ke6 Kb7 49. Kd7 Kb6 50. Kc8 Kc5 51. Kxc7 Kxd5 0-1

[Event "Early-Titled-Tuesday-Blitz-September-05-2023"]
[Site "Chess.com"]
[Date "2023.09.05"]
[Round "10"]
[White "ElenaPershina"]
[Black "Witty_Alien"]
[Result "0-1"]
[WhiteElo "2286"]
[BlackElo "2177"]
[TimeControl "180+1"]
[EndTime "9:54:14 PDT"]
[Termination "Witty_Alien won on time"]

1. c4 b5 2. cxb5 a6 3. bxa6 Rxa6 4. e3 Rg6 5. d4 Bb7 6. f3 e5 7. Ne2 Bb4+ 8. Bd2 Bxf3 9. gxf3 Qh4+ 10. Ng3 Rxg3 11. hxg3 Bxd2+ 12. Nxd2 Qxh1 13. Qb3 Nc6 14. d5 Nd8 15. O-O-O Nf6 16. Qa3 Qh6 17. e4 Qg5 18. f4 exf4 19. gxf4 Qxf4 20. Bd3 Qd6 21. Qxd6 cxd6 22.
a4 Nb7 23. b4 Kd8 24. a5 Ng4 25. a6 Nf2 26. a7 Kc7 27. Nc4 Nxd1 28. Kxd1 Ra8 29. b5 Na5 30. b6+ Kb7 31. Nxa5+ Kxb6 32. Nc4+ Kc5 0-1

[Event "Early-Titled-Tuesday-Blitz-September-05-2023"]
[Site "Chess.com"]
[Date "2023.09.05"]
[Round "10"]
[White "topin8"]
[Black "benny_aizenberg"]
[Result "0-1"]
[WhiteElo "2451"]
[BlackElo "2640"]
[TimeControl "180+1"]
[EndTime "9:54:15 PDT"]
[Termination "benny_aizenberg won on time"]

1. Nf3 Nc6 2. g3 e5 3. d3 d5 4. Bg2 Be7 5. O-O Nf6 6. c4 dxc4 7. Qa4 O-O 8. Qxc4 Be6 9. Qc2 Re8 10. a3 a5 11. b3 Qd7 12. Bb2 Bd6 13. Nbd2 Rad8 14. Rac1 h6 15. Nc4 Bd5 16. Nxd6 cxd6 17. Bc3 Qe6 18.
b4 axb4 19. axb4 b5 20. e4 Bb3 21. Qb2 Ra8 22. Ra1 Ba2 23. Nd2 Ra4 24. f4 Rea8 25. h3 Nh5 26. Kh2 Qg6 27. Rf3 exf4 28. gxf4 f5 29.
Rg1 Be6 30. Bf1 Qf7 31. Be2 Ra2 32. Qc2 Rxc2 0-1

[Event "Early-Titled-Tuesday-Blitz-September-05-2023"]
[Site "Chess.com"]
[Date "2023.09.05"]
[Round "10"]
[White "Gyulamiryan-koryun"]
[Black "buenamor1972"]
[Result "1-0"]
[WhiteElo "2059"]
[BlackElo "2307"]
[TimeControl "180+1"]
[EndTime "9:54:15 PDT"]
[Termination "Gyulamiryan-koryun won by resignation"]

1. e4 e5 2. Nf3 Nc6 3. Bc4 Nf6 4.
Ng5 d5 5. exd5 Na5 6. Bb5+ c6 7. dxc6 bxc6 8. Bd3 Ng4 9. Nf3 f5 10. h3 Nxf2 11.
Kxf2 e4 12. Re1 Bc5+ 13. Kf1 O-O 14. Bxe4 fxe4 15. Rxe4 Qf6 16. d4 Bf5 17. Bg5 Qd6 18. Be7 Qd5 19. Bxf8 Rxf8 20. Nc3 Qc4+ 21. Re2 Bb6 22.
Kg1 Bxh3 23. gxh3 Rxf3 24. Re8+ Rf8 25. Rxf8+ Kxf8 26. Qf3+ Kg8 27. Rf1 Bxd4+ 28. Kg2 Bf6 29. Ne4 Qe6 30. Nxf6+ gxf6 31. Qxf6 Qxf6 32. Rxf6 Kg7 33.
Rd6 a6 34. Rd7+ Kg6 35. Ra7 Nc4 36. Rxa6 Ne5 37. Kg3 Kf5 38. h4 h5 39. Ra5 Ke4 40. Rxe5+ Kxe5 41. Kf3 Kd4 42. a4 Kc4 43. Kf4 Kb4 44.
b3 c5 45. Kg5 c4 46. bxc4 Kxa4 47. Kxh5 Kb4 48. Kg6 Kxc4 49. h5 Kc3 50. h6 Kxc2 51. h7 Kd2 52. h8=Q Ke3 53. Qf6 1-0

[Event "Early-Titled-Tuesday-Blitz-September-05-2023"]
[Site "Chess.com"]
[Date "2023.09.05"]
[Round "10"]
[White "Bilan_Danila"]
[Black "gm_rashid"]
[Result "0-1"]
[WhiteElo "2525"]
[BlackElo "2410"]
[TimeControl "180+1"]
[EndTime "9:54:16 PDT"]
[Termination "gm_rashid won by checkmate"]

1. d4 Nf6 2. Nf3 g6 3. Bg5 Bg7 4. c3 O-O 5. Nbd2 h6 6. Bh4 d6 7.
e4 Nc6 8. Bc4 e5 9. dxe5 dxe5 10. Qc2 Qe7 11. O-O g5 12. Bg3 Nh5 13. Rfe1 Nf4 14.
Nf1 Bg4 15. Ne3 Bxf3 16. gxf3 Qd7 17. Rad1 Qh3 18. Bf1 Qh5 19. Ng4 Ne7 20. Rd7 Neg6 21. Bxf4 gxf4 22. Rxc7 Nh4 23. Bg2 Qg5 24. Qe2 h5 25.
Bh3 hxg4 26. Bxg4 Rad8 27. Kh1 Rd6 28. Rxb7 Rfd8 29. Qc4 Rd1 30. Qf1 R1d2 31. h3 Qf6 32.
Kg1 Qg5 33. Kh1 Qf6 34. Kg1 Qc6 35. Qb5 Qg6 36. Rxa7 Nxf3+ 37. Kf1 Nxe1 38. Kxe1 f3 39. Qc4 Rd1# 0-1

[Event "Early-Titled-Tuesday-Blitz-September-05-2023"]
[Site "Chess.com"]
[Date "2023.09.05"]
[Round "10"]
[White "Parhamov"]
[Black "Lennis93"]
[Result "1-0"]
[WhiteElo "2940"]
[BlackElo "2828"]
[TimeControl "180+1"]
[EndTime "9:54:17 PDT"]
[Termination "Parhamov won on time"]

1. d4 Nf6 2. Nf3 d5 3. c4 c6 4. e3 g6 5. Nc3 Bg7 6. b3 O-O 7. Bb2 Ne4 8. Bd3 Bf5 9. O-O Nxc3 10. Bxc3 Bxd3 11. Qxd3 e6 12. e4 Nd7 13. cxd5 exd5 14.
e5 Re8 15. Rfe1 Nf8 16. h4 Ne6 17. g3 a5 18. Kg2 a4 19. b4 h6 20. Bd2 Qb6 21.
Rac1 Qb5 22. Qc2 a3 23. Re3 Ra4 24. Rb3 Rea8 25. Be3 Bf8 26. Rcb1 Qc4 27. Qd2 Kh7 28. b5 R4a5 29. Rc1 Qa4 30. bxc6 bxc6 31. h5 Rb5 32. hxg6+ fxg6 33. Rxb5 Qxb5 34. Bxh6 Bxh6 35. Rh1 Kg8 36. Qxh6 Ra7 37. Qh8+ Kf7 38. Rh7+ 1-0

[Event "Early-Titled-Tuesday-Blitz-September-05-2023"]
[Site "Chess.com"]
[Date "2023.09.05"]
[Round "10"]
[White "WildTricks"]
[Black "koncheto"]
[Result "0-1"]
[WhiteElo "2622"]
[BlackElo "2548"]
[TimeControl "180+1"]
[EndTime "9:54:17 PDT"]
[Termination "koncheto won on time"]

1. Nf3 Nf6 2. g3 b6 3. Bg2 Bb7 4. O-O e6 5. c4 c5 6. Nc3 Be7 7. d4 cxd4 8. Qxd4 Nc6 9. Qf4 O-O 10. Rd1 Rc8 11. b3 Nb4 12. Bb2 d5 13. Rac1 Bd6 14. Qd2 Qe7 15. Nb5 Bb8 16. Bc3 Na6 17. Ne5 Nc5 18. Qb2 Rfd8 19. a4 Bxe5 20. Bxe5 dxc4 21. Bxb7 Rxd1+ 22. Rxd1 Nxb7 23. Nxa7 Ra8 24. Nb5 cxb3 25.
Qxb3 Nc5 26. Qf3 Rxa4 27. Nd6 h6 28. h4 Nd5 29. Nb5 Rb4 30. Nd4 Ra4 31. Nb5 Ra8 32.
Nd4 Rc8 0-1

[Event "Early-Titled-Tuesday-Blitz-September-05-2023"]
[Site "Chess.com"]
[Date "2023.09.05"]
[Round "10"]
[White "Iskusnyh"]
[Black "DawidCzerw"]
[Result "1-0"]
[WhiteElo "2624"]
[BlackElo "2506"]
[TimeControl "180+1"]
[EndTime "9:54:18 PDT"]
[Termination "Iskusnyh won by checkmate"]

1. d4 Nf6 2. c4 e6 3. g3 d5 4.
Nf3 dxc4 5. Bg2 Be7 6. Qa4+ Nbd7 7. Qxc4 O-O 8. O-O a6 9. Qc2 b5 10. Ne5 Nxe5 11. Bxa8 Qxd4 12. Be3 Qg4 13. Qxc7 Nfd7 14. Bf4 Bf6 15. Nc3 b4 16. Ne4 Qxe2 17. Nxf6+ gxf6 18. Rad1 a5 19. Rfe1 Qxb2 20. Bh6 Ng4 21. Be3 Nxe3 22. Rxe3 Ne5 23. Bg2 Qxa2 24. h3 a4 25. Rd8 Ba6 26.
Rxf8+ Kxf8 27. Qd6+ Kg7 28. Qxa6 Qb1+ 29. Kh2 a3 30. f4 a2 31. fxe5 a1=Q 32. exf6+ Qxf6 33.
Rf3 Qfg6 34. Qa7 b3 35. Qd4+ e5 36. Qxe5+ f6 37. Qe7+ Kh6 38. Rxf6 b2 39. Qf8+ Kh5 40. Bf3+ Kg5 41. h4# 1-0

[Event "Early-Titled-Tuesday-Blitz-September-05-2023"]
[Site "Chess.com"]
[Date "2023.09.05"]
[Round "10"]
[White "Kurai"]
[Black "Russian_berezka"]
[Result "1-0"]
[WhiteElo "2712"]
[BlackElo "2575"]
[TimeControl "180+1"]
[EndTime "9:54:21 PDT"]
[Termination "Kurai won by resignation"]

1. d4 Nf6 2. c4 e6 3. Nf3 d5 4. g3 dxc4 5. Bg2 Bb4+ 6. Bd2 a5 7. O-O O-O 8. Qc2 Bxd2 9. Nbxd2 b5 10. a4 c6 11. e3 Nd5 12. Rfd1 Qb6 13. Ne4 Na6 14. Ne5 f6 15. Nf3 Nab4 16. Qb1 Nd3 17. Ne1 Nxe1 18.
Rxe1 e5 19. Nc5 Rb8 20. axb5 Qxb5 21. Na4 Ba6 22. dxe5 fxe5 23. Qe4 Rbe8 24. Nc3 Qxb2 25. Nxd5 Qxf2+ 26. Kh1 cxd5 27. Qxd5+ Kh8 28. Rf1 Qb2 29. Qd6 Qb4 30. Qxa6 c3 31. Rxf8+ Rxf8 32. Qxa5 Qxa5 33. Rxa5 Rb8 34. Be4 g6 35. Rc5 Rb4 36. Bd3 e4 37. Bc2 Kg7 38. Kg2 Kf6 39. Kf2 Ke6 40. Ke2 Kd6 41. Rxc3 Ke5 42. Rc7 Kd6 43. Rxh7 Rb2 44. Kd2 Ra2 45. Rh6 Ke5 46. Rxg6 Ra1 47. Rg4 Rh1 48. Rxe4+ Kf6 49. Rf4+ 1-0

[Event "Early-Titled-Tuesday-Blitz-September-05-2023"]
[Site "Chess.com"]
[Date "2023.09.05"]
[Round "10"]
[White "FARIZA2018"]
[Black "Doomfist26"]
[Result "0-1"]
[WhiteElo "2523"]
[BlackElo "2629"]
[TimeControl "180+1"]
[EndTime "9:54:22 PDT"]
[Termination "Doomfist26 won on time"]

1. e4 e6 2. d4 d5 3. Nd2 Nc6 4. Ngf3 Nf6 5. e5 Nd7 6. Be2 f6 7. exf6 Qxf6 8. c3 Bd6 9. O-O O-O 10. Re1 e5 11. dxe5 Ndxe5 12. Nf1 Be6 13. Ng3 Rae8 14. Be3 Ng4 15. Bg5 Qf7 16. h3 h6 17. Bd2 Nf6 18. Be3 Ne4 19. Nxe4 dxe4 20. Nd4 Nxd4 21. Qxd4 b6 22.
Qa4 Kh8 23. Bb5 Re7 24. b3 Qg6 25. Kh1 Bxh3 26. gxh3 Rf3 27. Bf1 Qh5 28. Bg2 Rxh3+ 29. Kg1 Rh2 30. Kf1 Qg4 31. Qc6 Rxg2 32. Qa8+ Kh7 0-1

[Event "Early-Titled-Tuesday-Blitz-September-05-2023"]
[Site "Chess.com"]
[Date "2023.09.05"]
[Round "10"]
[White "Druid24"]
[Black "Kirill_Klukin"]
[Result "1-0"]
[WhiteElo "2684"]
[BlackElo "2789"]
[TimeControl "180+1"]
[EndTime "9:54:23 PDT"]
[Termination "Druid24 won by resignation"]

1. e4 c5 2. Nc3 g6 3. d4 cxd4 4. Qxd4 Nf6 5. Nf3 Nc6 6. Qa4 d6 7. e5 dxe5 8. Nxe5 Bd7 9. Nxd7 Nxd7 10. Be3 Bg7 11. Rd1 O-O 12. Be2 Qc8 13. O-O Nb6 14.
Qh4 Ne5 15. Qxe7 Nec4 16. Bxc4 Nxc4 17. Bd4 Nxb2 18. Nd5 Qe6 19. Bxb2 Bxb2 20. Qb4 Be5 21. Rfe1 Rad8 22. c4 Bd6 23. Qc3 Qf5 24. Nf6+ Kh8 25. Rxd6 Rxd6 26. Ne8+ f6 27. Nxd6 Qd7 28. c5 b6 29. Ne4 bxc5 30. Nxf6 Qg7 31. Nd5 Qxc3 32. Nxc3 Rf4 33. Kf1 Rc4 34. Re3 a5 35. Ke2 Kg7 36.
Kd3 Rd4+ 37. Kc2 Kf6 38. Ne4+ Kf5 39. Nxc5 Rc4+ 40. Rc3 Rb4 41. Nd3 Ra4 42. a3 Kf6 43.
Rc6+ Ke7 44. Kb3 Rd4 45. Rc3 a4+ 46. Kc2 Re4 47. Kd2 Kf6 48. Rc6+ Ke7 49. Ra6 Rc4 50.
Nb2 Rd4+ 51. Kc3 Rh4 52. h3 Re4 53. Rxa4 Re2 54. Nd3 Kf6 55. Rf4+ Kg5 56. a4 Ra2 57. Rb4 h5 58. Rb5+ Kh4 59. a5 g5 60. Nb4 Ra1 61. Kb2 Ra4 62. Na2 g4 63. hxg4 hxg4 64. Nc3 Rd4 65.
a6 Rd2+ 66. Kb3 Rxf2 67. a7 Rf8 68. Rb8 1-0

[Event "Early-Titled-Tuesday-Blitz-September-05-2023"]
[Site "Chess.com"]
[Date "2023.09.05"]
[Round "10"]
[White "CraiggoryC"]
[Black "LUISMIGUELOV"]
[Result "1-0"]
[WhiteElo "2217"]
[BlackElo "2072"]
[TimeControl "180+1"]
[EndTime "9:54:23 PDT"]
[Termination "CraiggoryC won on time"]

1. e4 c6 2. d4 d5 3. e5 c5 4.
dxc5 Nc6 5. a3 Nxe5 6. Nf3 Nxf3+ 7. Qxf3 e6 8. b4 a5 9. Bb2 axb4 10. axb4 Rxa1 11.
Bxa1 Nf6 12. Bd3 Be7 13. O-O O-O 14. Nd2 Qc7 15. c4 b6 16. cxd5 bxc5 17. Ne4 Nxe4 18.
Qxe4 f5 19. Qf3 cxb4 20. dxe6 Bxe6 21. Re1 Qd6 22. Qe2 Re8 23. Qxe6+ Qxe6 24. Rxe6 Rd8 25.
Rxe7 Rxd3 26. Re1 b3 27. g3 f4 28. gxf4 Kf7 29. Kg2 g6 30. Be5 Ke6 31. Re3 Rd1 32. Rxb3 g5 33. Rb6+ Kf5 34. Rf6+ Ke4 35. Re6 gxf4 36.
Bc7+ Kf5 37. Re7 h5 38. Rf7+ Kg4 39. Rxf4+ 1-0

[Event "Early-Titled-Tuesday-Blitz-September-05-2023"]
[Site "Chess.com"]
[Date "2023.09.05"]
[Round "10"]
[White "BogdanDeac"]
[Black "nrvignesh"]
[Result "1/2-1/2"]
[WhiteElo "3001"]
[BlackElo "2842"]
[TimeControl "180+1"]
[EndTime "9:54:24 PDT"]
[Termination "Game drawn - insufficient material"]

1. d4 Nf6 2. c4 e6 3. Nf3 d5 4. g3 dxc4 5. Bg2 c5 6. O-O Nc6 7. Qa4 Bd7 8. Qxc4 b5 9. Qc3 b4 10. Qd3 Rc8 11. Bf4 cxd4 12. Nbd2 Nd5 13. Be5 Nxe5 14.
Nxe5 Bd6 15. Nxd7 Qxd7 16. Bxd5 exd5 17. Qxd4 O-O 18. Qxd5 Qe7 19. Nc4 Rfd8 20. Nxd6 Rxd6 21. Qb5 Rd2 22. e3 Rxb2 23. Rfb1 Qf6 24. Rxb2 Qxb2 25. Rd1 Qxa2 26. Qxb4 g6 27. Qb7 Rc2 28. Qb8+ Kg7 29.
Qe5+ Kh6 30. Qf4+ Kg7 31. Qe5+ Kh6 32. Qf4+ Kg7 33. h4 Qe6 34. Qd4+ Qf6 35. Qxf6+ Kxf6 36. Ra1 Rc7 37. Ra6+ Ke5 38. h5 Kd5 39. hxg6 hxg6 40. Kg2 Kc4 41. Ra1 Kb4 42. Rb1+ Ka3 43. Ra1+ Kb2 44.
Ra6 Kb3 45. Ra1 Kb4 46. Rb1+ Ka5 47. Ra1+ Kb6 48. Rb1+ Kc6 49. Rc1+ Kb7 50. Rb1+ Ka8 51. Ra1 Rc5 52. e4 a5 53. f4 Kb7 54. e5 Kb6 55. Kf3 Kb5 56. Kg4 Rc3 57. Rb1+ Ka6 58. Rb8 Rc7 59. Kg5 a4 60. g4 Ra7 61. Kf6 Ka5 62.
Rb1 a3 63. f5 gxf5 64. gxf5 Ka4 65. Rc1 Kb3 66. e6 fxe6 67. fxe6 Kb2 68. Rh1 a2 69. e7 Rxe7 70. Kxe7 a1=Q 71. Rxa1 Kxa1 1/2-1/2

[Event "Early-Titled-Tuesday-Blitz-September-05-2023"]
[Site "Chess.com"]
[Date "2023.09.05"]
[Round "10"]
[White "Evgeny81"]
[Black "ChainedDowntohell"]
[Result "1-0"]
[WhiteElo "2744"]
[BlackElo "2578"]
[TimeControl "180+1"]
[EndTime "9:54:25 PDT"]
[Termination "Evgeny81 won on time"]

1. e4 c5 2. Nf3 e6 3. d4 cxd4 4.
Nxd4 a6 5. Bd3 Bc5 6. Nb3 Ba7 7.
Qg4 g6 8. Nc3 Nc6 9. Qe2 b5 10.
Be3 Qc7 11. O-O-O Bxe3+ 12. Qxe3 Nf6 13. f4 Nb4 14. Kb1 O-O 15. h4 h5 16. a3 Nxd3 17.
Rxd3 Bb7 18. Nc5 Bc6 19. Rhd1 Rfd8 20. e5 Nd5 21. Qg3 a5 22. N5e4 Kg7 23. Nxd5 Bxd5 24. Nd6 b4 25. f5 bxa3 26. f6+ Kh7 27. Nxf7 Rdb8 28. Rxa3 Qc5 29. Qf4 Rxb2+ 30. Kxb2 Kg8 31. Qh6 Kxf7 32. Qg7+ 1-0

[Event "Early-Titled-Tuesday-Blitz-September-05-2023"]
[Site "Chess.com"]
[Date "2023.09.05"]
[Round "10"]
[White "AttilaTurzo"]
[Black "C_K_G"]
[Result "1-0"]
[WhiteElo "2495"]
[BlackElo "2082"]
[TimeControl "180+1"]
[EndTime "9:54:26 PDT"]
[Termination "AttilaTurzo won on time"]

1. d4 d5 2. Nf3 e6 3. Bf4 Nf6 4.
e3 Bd6 5. Nbd2 c5 6. c3 Nc6 7. Bb5 O-O 8. O-O c4 9. b3 cxb3 10. axb3 Qc7 11. Bg3 Bd7 12. Qe2 a6 13. Bxc6 Bxc6 14.
Bxd6 Qxd6 15. c4 Rfe8 16. Rfc1 Ne4 17. Nxe4 dxe4 18. Ne5 f6 19. c5 Qc7 20. Nc4 Bb5 21. Qb2 Bxc4 22. bxc4 f5 23. Rab1 Re7 24. Qb6 Qd7 25.
Qd6 Qe8 26. Rb6 Rd8 27. Qe5 Kf7 28. Rcb1 Rdd7 29. c6 bxc6 30. Rxa6 Rb7 31. Rab6 Rxb6 32. Rxb6 Qa8 33. h3 Qa4 34. Qc5 Rc7 35. Kh2 Qa8 36.
Qd6 Qc8 37. g3 g6 38. Kg2 h5 39. Qb4 Qd7 40. Rb8 Rc8 41. Rb7 Rc7 42. Rb6 1-0

[Event "Early-Titled-Tuesday-Blitz-September-05-2023"]
[Site "Chess.com"]
[Date "2023.09.05"]
[Round "10"]
[White "Truequitos"]
[Black "Amirreza_p"]
[Result "0-1"]
[WhiteElo "2427"]
[BlackElo "2579"]
[TimeControl "180+1"]
[EndTime "9:54:27 PDT"]
[Termination "Amirreza_p won on time"]

1. e4 c6 2. d3 d5 3. Nd2 g6 4. g3 Bg7 5. Bg2 Nf6 6. Ngf3 O-O 7. O-O Bg4 8. h3 Bxf3 9. Bxf3 e6 10. Re1 Nbd7 11.
Bg2 b5 12. e5 Ne8 13. Nf3 Rc8 14. Bg5 Qb6 15. Be7 Nc7 16. Bxf8 Bxf8 17. Qd2 c5 18. h4 c4 19. Qf4 Be7 20. d4 b4 21. h5 Nf8 22.
Rad1 Qa5 23. Ng5 Bxg5 24. Qxg5 Qxa2 25. h6 Qxb2 26. Ra1 Qc3 27. Red1 Qxc2 28. Bh3 a5 29. Rdc1 Qd3 30. Rxa5 Qxd4 31. Rca1 b3 32. Ra7 b2 33.
Qf6 bxa1=Q+ 34. Kh2 Qxf2+ 35. Qxf2 Qxe5 0-1

[Event "Early-Titled-Tuesday-Blitz-September-05-2023"]
[Site "Chess.com"]
[Date "2023.09.05"]
[Round "10"]
[White "LeoWin2012"]
[Black "AlphaPerseii"]
[Result "0-1"]
[WhiteElo "2203"]
[BlackElo "2343"]
[TimeControl "180+1"]
[EndTime "9:54:27 PDT"]
[Termination "AlphaPerseii won by checkmate"]

1. e4 c6 2. d4 d5 3. Nc3 dxe4 4. Nxe4 Nf6 5. Nxf6+ gxf6 6. Nf3 Bg4 7. c3 Qc7 8. Bd3 Nd7 9. h3 Bh5 10. b4 Rg8 11. g4 Bg6 12. Be3 e6 13. Qd2 Bd6 14. Nh4 a5 15. Nxg6 fxg6 16. Bc4 Kf7 17. Ke2 b5 18.
Bb3 a4 19. Bc2 Nb6 20. Bd3 Nd5 21. a3 Rae8 22. Be4 Re7 23. Bxd5 exd5 24. Kd1 Rge8 25. Kc2 Qd7 26. Rae1 Re4 27. Kb1 Qe7 28. Rhf1 Bf4 29. Re2 Bxe3 30. fxe3 Rxe3 31. Ref2 Re1+ 32. Kc2 Qe4+ 33.
Qd3 Re2+ 34. Rxe2 Qxe2+ 35. Qxe2 Rxe2+ 36. Kb1 Re3 37. Rh1 Rxc3 38. Kb2 Rd3 39. Rc1 Rb3+ 40. Ka2 f5 41. gxf5 gxf5 42. Rxc6 f4 43. Rc5 Ke6 44. Rxb5 f3 45. Rb8 Kf5 46. Rf8+ Ke4 47. Ra8 f2 48. Re8+ Kxd4 49. Rf8 Ke3 50. b5 Rxb5 51. Re8+ Kd2 52. Rf8 Ke1 53. Re8+ Kf1 54. h4 d4 55. Rd8 Ke2 56.
Re8+ Kf3 57. Rf8+ Ke3 58. Re8+ Kf4 59. Rf8+ Rf5 60. h5 f1=Q 61. h6 Qc4+ 62. Kb2 Rxf8 63.
Ka1 Ke3 64. Kb2 Rf2+ 65. Ka1 Qc1# 0-1

[Event "Early-Titled-Tuesday-Blitz-September-05-2023"]
[Site "Chess.com"]
[Date "2023.09.05"]
[Round "10"]
[White "Barbus89"]
[Black "unclear15"]
[Result "0-1"]
[WhiteElo "2547"]
[BlackElo "2459"]
[TimeControl "180+1"]
[EndTime "9:54:28 PDT"]
[Termination "unclear15 won by checkmate"]

1. Nf3 c5 2. g3 d6 3. d4 cxd4 4. Nxd4 Nf6 5. Bg2 g6 6. O-O Bg7 7. c4 O-O 8. Nc3 a6 9. b3 Qc7 10. Bb2 Nc6 11. Rc1 Nxd4 12. Qxd4 Be6 13. Rfd1 Rab8 14.
Qa7 Rfc8 15. Nd5 Bxd5 16. cxd5 Qd7 17. Rxc8+ Rxc8 18. Rc1 Rxc1+ 19. Bxc1 h5 20. Qb8+ Kh7 21. h3 Qb5 22. e4 Qd3 23. Be3 h4 24. Bf4 hxg3 25.
Bxg3 Nxe4 26. Bxe4 Qxe4 27. Qxb7 f5 28. Qxa6 g5 29.
Qc4 Qe1+ 30. Qf1 Qxf1+ 31. Kxf1 f4 32. Bh2 Kg6 33. Ke2 Kf5 34. Kf3 Bc3 35. a3 Bb2 36. a4 Bc3 37. h4 g4+ 38. Ke2 Ke4 39. h5 f3+ 40. Kf1 Kxd5 41. h6 e5 42. h7 e4 43. a5 Kc6 44. a6 d5 45. b4 Kb6 46. b5 Bh8 47. Bd6 d4 48. Be7 d3 49.
Ke1 Bc3+ 50. Kf1 g3 51. fxg3 e3 52. Bd8+ Kxb5 53. a7 e2+ 54. Kf2 e1=Q+ 55. Kxf3 Qh1+ 56. Kf4 Qa8 57. Bf6 Bxf6 58. Kf5 d2 59. Kxf6 d1=Q 60.
g4 Qa1+ 61. Kg6 Q1h8 62. g5 Qc6+ 63. Kh5 Qxh7+ 64. Kg4 Qce4+ 65. Kg3 Qc7+ 66. Kf2 Qcc2+ 67. Kg3 Qcg2# 0-1